 Dungeon Crawl Stone Soup version 0.24.1 (webtiles) character file.

Game seed: 943679634380011740, levelgen mode: deterministic

426 BuffBuff the Chopper (level 6, -5/56 HPs)
             Began as a Minotaur Berserker on Apr 3, 2020.
             Was a Priest of Trog.
             Splashed by a jelly's acid (8 damage)
             ... on level 4 of the Dungeon.
             The game lasted 00:06:54 (3428 turns).

BuffBuff the Chopper (Minotaur Berserker)           Turns: 3428, Time: 00:06:54

Health: -5/56      AC: -1    Str: 23    XL:     6   Next: 64%
Magic:  5/5        EV: 11    Int:  4    God:    Trog [***...]
Gold:   214        SH:  0    Dex: 10    Spells: 5/5 levels left

rFire    . . .     SeeInvis .   f - +0 dagger (venom)
rCold    . . .     Gourm    .   (no shield)
rNeg     . . .     Faith    .   g - +0 scale mail
rPois    .         Spirit   .   (helmet restricted)
rElec    .         Reflect  .   (no cloak)
rCorr    .         Harm     .   (no gloves)
MR       .....                  (no boots)
Stlth    ..........             (no amulet)
HPRegen  0.18/turn              (no ring)
MPRegen  0.09/turn              (no ring)

@: corroded, drained
A: retaliatory headbutt, horns 2
a: Berserk, Trog's Hand, Renounce Religion


You were on level 4 of the Dungeon.
You worshipped Trog.
Trog was most pleased with you.
You were not hungry.

You visited 1 branch of the dungeon, and saw 4 of its levels.

You collected 214 gold pieces.

Inventory:

Hand Weapons
 a - a +0 hand axe
 f - a +0 dagger of venom (weapon)
Missiles
 n - 11 poisoned darts (quivered)
Armour
 b - a +0 animal skin
 g - a +0 scale mail (worn)
Jewellery
 t - a cursed ring of attention {unknown}
Scrolls
 h - a scroll of enchant weapon {unknown}
 i - a scroll of enchant armour {unknown}
 p - a scroll of identify {unknown}
 r - a scroll of immolation {unknown}
 s - 3 scrolls of remove curse {unknown}
 u - a scroll of teleportation {unknown}
Potions
 d - 2 potions of resistance {unknown}
 e - 2 potions of curing
 j - 3 potions of brilliance {unknown}
 k - a potion of might
 l - a potion of berserk rage {unknown}
 m - a potion of haste {unknown}
 q - a potion of lignification {unknown}
Comestibles
 c - 12 rations
 o - 3 chunks of flesh


   Skills:
 + Level 5.2(4.4) Fighting
 * Level 6.3(5.5) Axes
 + Level 4.3(3.5) Armour
 + Level 4.0(3.2) Dodging


You had 5 spell levels left.
You didn't know any spells.
Your spell library was empty.

Dungeon Overview and Level Annotations

Branches:
Dungeon (4/15)
 Temple: D:4-7

Altars:
Dithmenos
Okawaru
Vehumet
Wu Jian


Innate Abilities, Weirdness & Mutations

You reflexively headbutt those who attack you in melee.
You have a pair of horns on your head.


Message History

You headbutt the jelly.
The jelly is moderately wounded.
The jelly hits you.
You are splashed with acid!
* * * LOW HITPOINT WARNING * * *
You hit the jelly but do no damage.
Your hands burn!
* * * LOW HITPOINT WARNING * * *
You headbutt the jelly.
The jelly is severely wounded.
The jelly barely misses you. You furiously retaliate!
You headbutt the jelly, but do no damage.
You hit the jelly but do no damage.
The jelly looks as sick as possible!
Your hands burn!
* * * LOW HITPOINT WARNING * * *
You headbutt the jelly.
The jelly is severely wounded.
A kobold comes into view. It is wielding a +0 dagger.
The jelly hits you.
* * * LOW HITPOINT WARNING * * *
You are splashed with acid!
You die...

##.#### #.#
#####.#
.###...#.#
.....#.#.#
#.###.$.#.#
[.........#
..##...#.#
#...@..#
#≈..J#.#
#≈≈....#
#≈≈###.#
#≈≈≈ #.#
.#≈≈≈ ..
.K#≈≈≈ ##
.K##≈


You could see a jelly and 2 kobolds.

Vanquished Creatures
  An ice beast (D:2)
  2 orc priests (D:3)
  Jessica (D:3)
  Natasha (thrice) (D:3)
  An orc wizard (D:3)
  4 adders
  2 oozes (D:1)
  3 dart slugs
  2 leopard geckos
  18 orcs
  10 bats
  4 giant cockroaches
  8 hobgoblins
  4 jackals (D:1)
  2 quokkas
  3 frilled lizards
  6 goblins
  5 kobolds
  6 rats
  A bush (D:3)
  A fungus (D:1)
  A plant (D:3)
88 creatures vanquished.

Notes
Turn   | Place    | Note
-------+----------+-------------------------------------------
     0 | D:1      | BuffBuff the Minotaur Berserker began the quest for the
                  | Orb.
     0 | D:1      | Reached XP level 1. HP: 19/19 MP: 0/0
   492 | D:1      | Reached XP level 2. HP: 27/27 MP: 1/1
   493 | D:1      | Reached skill level 4 in Axes
   997 | D:1      | Reached XP level 3. HP: 33/33 MP: 2/2
  1511 | D:2      | Reached ** piety under Trog
  1766 | D:2      | Reached XP level 4. HP: 36/40 MP: 3/3
  2445 | D:3      | Noticed an ice beast
  2463 | D:2      | Killed an ice beast
  2463 | D:2      | Reached skill level 5 in Axes
  2463 | D:2      | Reached XP level 5. HP: 33/47 MP: 4/4
  2742 | D:3      | Noticed Jessica
  2750 | D:3      | Noticed Natasha
  2758 | D:3      | Killed Jessica
  2758 | D:3      | Killed Natasha
  2771 | D:3      | Reached XP level 6. HP: 48/55 MP: 5/5
  2775 | D:3      | Reached skill level 5 in Fighting
  2813 | D:3      | Found an iron altar of Okawaru.
  2820 | D:3      | Found a radiant altar of Vehumet.
  2822 | D:3      | Found a shadowy altar of Dithmenos.
  2904 | D:3      | Noticed Natasha
  2912 | D:3      | Killed Natasha
  2912 | D:3      | Reached skill level 6 in Axes
  3039 | D:3      | Noticed Natasha
  3044 | D:3      | Killed Natasha
  3044 | D:3      | Reached *** piety under Trog
  3150 | D:3      | Found an ornate altar of the Wu Jian Council.
  3428 | D:4      | Splashed by a jelly's acid

Levels and vault maps discovered:
D:1:      dpeg_cavernosity, layout_basic, minmay_pentomino_w2
D:2:      layout_loops_corners
D:3:      layout_basic, lemuel_doored_altar,
          gammafunk_temple_overflow_forgotten, first_ration, uniq_jessica,
          uniq_natasha
D:4:      cheibrodos_thug_alley, layout_loops_ring, kiku_gazebo_pond_becter

Skill      XL: |  1  2  3  4  5  6 |
---------------+-------------------+-----
Axes           | 4 5 6 |  6.3
Fighting       | 4 5 |  5.2
Armour         | 3 4 |  4.3
Dodging        | 3 4 |  4.0

Action                   |  1- 3 |  4- 6 || total
-------------------------+-------+-------++-------
Melee: Hand axe          |    28 |       ||    28
       Headbutt          |    17 |    57 ||    74
       Dagger            |    65 |   168 ||   233
Invok: Berserk           |       |     1 ||     1
       Trog's Hand       |       |     2 ||     2
  Eat: Chunk             |     3 |     7 ||    10
Armor: Animal skin       |     3 |       ||     3
       Scale mail        |    30 |    45 ||    75
Dodge: Dodged            |    64 |    73 ||   137
